 Dungeon Crawl Stone Soup version 0.30.2 (webtiles) character file.

Game seed: 10939286196839564966

256 porpoise the Sneak (level 5, -1/35 HPs)
             Began as a Demonspawn Enchanter on Feb 17, 2024.
             Was an Initiate of Nemelex Xobeh.
             Killed by divine providence
             ... invoked by an orc priest
              (17 damage)
             ... on level 4 of the Dungeon.
             The game lasted 00:12:14 (3445 turns).

porpoise the Sneak (Demonspawn Enchanter)           Turns: 3445, Time: 00:12:15

Health: -1/35      AC:  2    Str: 14    XL:     5   Next: 92%
Magic:  9/9        EV: 12    Int: 18    God:    Nemelex Xobeh [......]
Gold:   140        SH:  0    Dex: 14    Spells: 5/10 levels left

rFire   . . .        a - +0 dagger (venom)
rCold   + . .        (no shield)
rNeg    . . .        p - +0 robe
rPois   .            (helmet restricted)
rElec   .            (no cloak)
rCorr   .            (no gloves)
SInv    .            (no boots)
Will    .....        (no amulet)
Stlth   +++          o - ring of protection from cold
HPRegen 0.25/turn    t - +6 ring of strength
MPRegen 0.11/turn

%: no passive effects
@: no status effects
A: antennae 1, powered by pain 1, condensation shield
a: Renounce Religion, Draw Escape, Draw Destruction, Draw Summoning


You were on level 4 of the Dungeon.
You worshipped Nemelex Xobeh.
Nemelex Xobeh was noncommittal.
You visited 1 branch of the dungeon, and saw 4 of its levels.

You collected 140 gold pieces.

Inventory:

Hand Weapons
 a - a +0 dagger of venom (weapon)
 b - a +0 sling
 d - a +0 broad axe
 f - a +1 dagger
Missiles
 l - 5 atropa-tipped darts (quivered)
 r - 3 boomerangs
Armour
 p - a +0 robe (worn)
Magical Staves
 q - a staff of cold
Jewellery
 o - a ring of protection from cold (left hand)
 t - a +6 ring of strength (right hand)
Wands
 n - a wand of flame (32)
Scrolls
 i - a scroll of identify
 s - 2 scrolls of amnesia
Potions
 c - 3 potions of invisibility
 e - 2 potions of flight
 g - 2 potions of curing
 h - a potion of heal wounds
 m - a potion of magic {unknown}


   Skills:
 + Level 2.7 Short Blades
 - Level 1.7 Dodging
 + Level 4.1 Stealth
 - Level 3.0 Spellcasting
 * Level 3.1 Hexes
 * Level 2.4 Ice Magic


You had 5 spell levels left.
You knew the following spells:

 Your Spells              Type           Power      Damage    Failure   Level
a - Confusing Touch       Hex            14%        N/A       13%         3
e - Ensorcelled Hibernat  Hex/Ice        24%        N/A       8%          2

Your spell library contained the following spells:

 Spells                   Type           Power      Damage    Failure   Level
 Tukima's Dance           Hex            14%        N/A       13%         3
 Dazzling Flash           Conj/Hex       16%        N/A       26%         3
 Summon Lightning Spire   Summ/Air       2%         N/A       85%         4
 Storm Form               Tmut/Air       1%         N/A       100%        7
 Maxwell's Capacitive Co  Air            1%         ∞         100%        8


Dungeon Overview and Level Annotations

Branches:
Dungeon (4/15)             Temple (0/1) D:4

Altars:
Nemelex Xobeh
Qazlal

Shops:
D:2 ?


Innate Abilities, Weirdness & Mutations

You have a pair of small antennae on your head.
You sometimes gain a little power by taking damage.
A meltable shield of frost defends you. (SH +0)


Message History

The adder is almost dead.
You feel sick.
You kill the adder!
You feel sick. The orc wizard barely misses you. The orc barely misses you.
You hit the orc wizard but do no damage.
The orc wizard is poisoned.
You feel sick. The orc wizard barely misses you.
You hit the orc wizard.
The orc wizard looks as sick as possible!
The orc wizard is moderately wounded.
You feel sick.
You are no longer poisoned.
The orc wizard hits you with a +0 dagger.
The orc hits you with a +0 dagger of protection.
You closely miss the orc.
The orc wizard points at you and mumbles some strange words.
The puff of flame misses you.
You hit the orc but do no damage.
The orc is poisoned.
The orc wizard hits you but does no damage.
The orc hits you but does no damage.
You hit the orc.
The orc is heavily wounded.
You kill the orc wizard!
You hit the orc.
The orc is heavily wounded.
The orc closely misses you.
You barely miss the orc.
The orc is heavily wounded.
The orc priest mumbles some strange prayers to Beogh against you.
Beogh smites you! The orc barely misses you.
You hit the orc but do no damage.
The orc is heavily wounded.
You kill the orc!
The orc priest barely misses you. The orc hits you but does no damage.
You see here a +0 dagger of protection.
You hit the orc priest.
The orc priest is poisoned.
The orc priest is lightly wounded.
The orc priest invokes the aid of Beogh against you.
Beogh smites you!
You die...
Your body disappears without a glow.

*****
*,,,*******#########
*,,,,,,,..##.......#
*,,*****#.......?.>#
#..#~~~~#.##.......#
#..#~,>~+.##.....(.#
#..#~_8~+.##o......#
#..#~~~~#.##oo.....#
#..######.##@#######***
#........[..)~~~~~~~∩~*
#.###...############***
##......## *,*
####...######### *,*
.#...### #....<# *,*
...### #.....# *,* ..##
#.....# *,* ...#
###.###†# *,*


You could see an orc priest (poisoned) and 2 orcs.

Vanquished Creatures
  A scorpion (D:3)
  A hound (D:4)
  An orc wizard (D:4)
  7 adders
  3 worms
  8 orcs
  5 bats
  4 endoplasms
  3 giant cockroaches
  5 goblins
  5 hobgoblins
  2 quokkas (D:2)
  9 ball pythons
  4 frilled lizards
  6 kobolds
  4 rats
68 creatures vanquished.

Notes
Turn   | Place    | Note
-------+----------+-------------------------------------------
     0 | D:1      | porpoise the Demonspawn Enchanter began the quest for the
                  | Orb.
     0 | D:1      | Reached XP level 1. HP: 13/13 MP: 3/3
    24 | D:1      | Reached skill level 1 in Short Blades
   208 | D:1      | Reached skill level 3 in Stealth
   336 | D:1      | Gained mutation: You have a pair of small antennae on your
                  | head. [demonic ancestry]
   336 | D:1      | Reached XP level 2. HP: 19/19 MP: 5/5
  1027 | D:2      | Found a sparkling altar of Nemelex Xobeh.
  1074 | D:2      | Learned a level 2 spell: Ensorcelled Hibernation
  1136 | D:2      | Gained mutation: You sometimes gain a little power by
                  | taking damage. [demonic ancestry]
  1136 | D:2      | Reached XP level 3. HP: 24/24 MP: 3/6
  1140 | D:2      | Learned a level 3 spell: Confusing Touch
  1181 | D:2      | Found The Oracle's Delphic Readings.
  2024 | D:2      | Reached skill level 1 in Ice Magic
  2024 | D:2      | Gained mutation: A meltable shield of frost defends you.
                  | (SH +0) [demonic ancestry]
  2024 | D:2      | Reached XP level 4. HP: 30/30 MP: 4/7
  3013 | D:3      | Found a stormy altar of Qazlal.
  3080 | D:2      | Became a worshipper of Nemelex Xobeh the Trickster
  3247 | D:4      | Noticed a scorpion
  3276 | D:3      | Killed a scorpion
  3277 | D:3      | Reached XP level 5. HP: 25/35 MP: 4/9
  3347 | D:4      | Reached skill level 4 in Stealth
  3409 | D:4      | Noticed a black bear
  3445 | D:4      | Killed from afar by an orc priest

Illustrated notes

Levels and vault maps discovered:
D:1:      nicolae_arrival_washed_ashore, layout_loops_ring, moated_statue
D:2:      layout_basic, basic_altar, nicolae_nh_oracle_at_delphi
D:3:      layout_basic, marbit_many_paths, elyvilon_altar_3
D:4:      layout_rooms, general_overflow_altar, minmay_temple_entry_mini_moons,
          portal_sewer_entry_d, uniq_natasha

Skill      XL: |  1  2  3  4  5 |
---------------+----------------+-----
Short Blades   | 1 2 |  2.7
Stealth        | 3 4 |  4.1
Ice Magic      | 1 2 |  2.4
Spellcasting   | 3 |  3.0
Dodging        | |  1.7
Hexes          | |  3.1

Action                     |  1- 3 |  4- 6 || total
---------------------------+-------+-------++-------
  Melee: Dagger            |    82 |   105 ||   187
         Punch             |     1 |       ||     1
   Fire: Sling             |    25 |     9 ||    34
  Throw: Dart              |       |     1 ||     1
   Cast: Ensorcelled Hiber |     5 |    10 ||    15
         Confusing Touch   |       |     1 ||     1
    Use: Scroll            |       |     7 ||     7
   Stab: Sleeping          |    10 |     8 ||    18
         Confused          |       |     1 ||     1
 Armour: Robe              |    18 |    18 ||    36
  Dodge: Dodged            |    53 |    66 ||   119
  Block: Other             |       |    24 ||    24
